[Event "*** Titled Tuesday Blitz"]
[Site "Chess.com"]
[Date "2018.01.02"]
[Round "2"]
[White "AndrewMcStone"]
[Black "Pirlo1"]
[Result "0-1"]
[WhiteElo "2078"]
[BlackElo "2223"]
[TimeControl "180+2"]
[EndTime "13:22:33 PST"]
[Termination "Pirlo1 won on time"]

1. d4 Nf6 2. c4 c5 3. d5 b5 4. cxb5 a6 5. f3 axb5 6. e4 Qa5+ 7. Bd2 b4 8. Na3 d6 9. Nc4 Qd8 10. a3 e6 11. Ne3 exd5 12. exd5 Bb7 13. Bc4 bxa3 14. Rxa3 Nbd7 15. Ne2 Be7 16. Nc3 O-O 17.
O-O Nb6 18. Ba2 Rxa3 19. bxa3 Qa8 20. Qb3 Bd8 21. Rb1 Ba6 22. a4 c4 23. Qb4 Nbxd5 24. Ncxd5 Nxd5 25. Qxd6 Nxe3 26. Bxe3 Bf6 27. Rc1 Rd8 28. Qc7 c3 29. Qxf7+ Kh8 30. h4 Qc8 31. h5 Rf8 32. Qd5 Re8 33. Bd4 Rd8 34. Bxf6 Rxd5 35. Bxd5 gxf6 0-1

[Event "*** Titled Tuesday Blitz"]
[Site "Chess.com"]
[Date "2018.01.02"]
[Round "2"]
[White "GrigorGrigorov"]
[Black "Ginger_GM"]
[Result "1/2-1/2"]
[WhiteElo "2606"]
[BlackElo "2470"]
[TimeControl "180+2"]
[EndTime "13:22:43 PST"]
[Termination "Game drawn by repetition"]

1. Nf3 f5 2. g3 Nf6 3. Bg2 d6 4. d4 e6 5. O-O Be7 6. Bg5 Ne4 7. Bxe7 Qxe7 8. Nfd2 Nxd2 9. Nxd2 O-O 10. e4 f4 11. e5 dxe5 12. dxe5 Nc6 13. Nf3 Bd7 14. Qe2 Be8 15. Rad1 Bh5 16. Qe4 g5 17. Rd2 Rad8 18. Nd4 Nxd4 19. Rxd4 Rxd4 20. Qxd4 Be2 21. Re1 f3 22. Bh3 h5 23. Qe4 g4 24.
Qg6+ Qg7 25. Qxe6+ Qf7 26. Qxf7+ Kxf7 27. Bf1 Bxf1 28.
Kxf1 Rd8 29. h3 Ke6 30. hxg4 hxg4 31. Kg1 Rd2 32. Re4 Rd1+ 33. Kh2 Rf1 34. Rxg4 Rxf2+ 35. Kh3 Rxc2 36. Rf4 f2 37. g4 Kxe5 38. Rf8 Ke4 39. Kg3 Rxb2 40. g5 Rxa2 41. Kg4 Ke3 42. Kg3 Ra5 43.
Rf3+ Ke4 44. Rf4+ Ke3 45. Rf3+ Ke4 46. Rf4+ Ke3 47. Rf3+ Ke4 48. Rf4+ 1/2-1/2

[Event "*** Titled Tuesday Blitz"]
[Site "Chess.com"]
[Date "2018.01.02"]
[Round "2"]
[White "MateusViageiro"]
[Black "nickmatta"]
[Result "0-1"]
[WhiteElo "2166"]
[BlackElo "2236"]
[TimeControl "180+2"]
[EndTime "13:22:44 PST"]
[Termination "nickmatta won on time"]

1. e4 c5 2. Nf3 d6 3. d4 cxd4 4. Nxd4 Nf6 5. Nc3 a6 6. Be3 e6 7. f3 b5 8. a4 b4 9. Na2 Bb7 10. Bd3 d5 11. e5 Nfd7 12. f4 Nc6 13. O-O Bc5 14. c3 Qb6 15. Bc2 a5 16. Kh1 Ba6 17.
Rf3 Rb8 18. Nxc6 Qxc6 19. cxb4 axb4 20. Rg3 Bxe3 21. Rxe3 Qc4 22. Bd3 Qc6 23. Rg3 g6 24.
Rc1 Qa8 25. Qe2 Bxd3 26. Qxd3 Qxa4 27. Qb1 O-O 28. b3 Qb5 29. h4 Nc5 30. h5 Ne4 31. Rf3 Rfc8 32. Rxc8+ Rxc8 33. Kh2 Qe2 34. Qf1 Qxa2 35.
Qb5 Qd2 36. Qd7 Qc2 37. hxg6 hxg6 38. f5 Qc7 39. fxe6 Qxd7 40. exd7 Rd8 0-1

[Event "*** Titled Tuesday Blitz"]
[Site "Chess.com"]
[Date "2018.01.02"]
[Round "2"]
[White "Al_Shima"]
[Black "51616516516"]
[Result "1-0"]
[WhiteElo "2212"]
[BlackElo "2049"]
[TimeControl "180+2"]
[EndTime "13:22:46 PST"]
[Termination "Al_Shima won on time"]

1. b3 Nf6 2. Bb2 g6 3. Bxf6 exf6 4. c4 d5 5. cxd5 Qxd5 6. Nc3 Qd8 7. g3 Bg7 8. Bg2 O-O 9. e3 f5 10. Nge2 c5 11. O-O Nc6 12. Rc1 Qd7 13. Na4 b6 14. d4 Bb7 15. dxc5 Qxd1 16. Rfxd1 b5 17. Nac3 b4 18. Nb5 Rad8 19. Nd6 Ba8 20. Nd4 Ne5 21. Bxa8 Rxa8 22. c6 Rfd8 23. c7 Rxd6 24. c8=Q+ Rxc8 25. Rxc8+ Bf8 26. Rdc1 Kg7 27. Ra8 a6 28. h3 Be7 29.
f4 Nd3 30. Rc6 Rxc6 31. Nxc6 Bc5 32. Re8 Nc1 33. Kf2 Nxa2 34. Rc8 Nc3 35. Nb8 Ne4+ 36.
Kf3 Bd6 37. Nxa6 Nd2+ 38. Ke2 Nxb3 39. Rc6 Be7 40. Rb6 Na5 41. Nxb4 Nc4 42. Rb7 Bxb4 43. Rxb4 Nd6 44. Kf3 Kf6 45. g4 fxg4+ 46. hxg4 Kg7 47. e4 Ne8 48. e5 Nc7 49. Ke4 Ne6 50. f5 gxf5+ 51.
gxf5 Nf8 52. Rb7 h6 53. e6 Kg8 54. Rxf7 h5 55. Kf4 1-0

[Event "*** Titled Tuesday Blitz"]
[Site "Chess.com"]
[Date "2018.01.02"]
[Round "2"]
[White "temiksmozg"]
[Black "GGuseinov"]
[Result "0-1"]
[WhiteElo "2467"]
[BlackElo "2636"]
[TimeControl "180+2"]
[EndTime "13:22:47 PST"]
[Termination "GGuseinov won by resignation"]

1. d4 Nf6 2. c4 g6 3. Nc3 Bg7 4. e4 d6 5. Nf3 O-O 6. Be2 c5 7. d5 e6 8. O-O exd5 9. exd5 Bf5 10.
Bd3 Bxd3 11. Qxd3 a6 12. b3 Nbd7 13. h3 Re8 14. Bf4 Nh5 15. Bxd6 Qf6 16. Ne4 Rxe4 17. Qxe4 Qxd6 18. Rae1 Nhf6 19. Qh4 h6 20. Re3 g5 21. Nxg5 hxg5 22. Qxg5 Nf8 23. Rfe1 Ng6 24. g3 b5 25. h4 Qd7 26. Rf3 Re8 27. Rxe8+ Nxe8 28. h5 Ne5 29. Re3 f6 30. Qf4 Nd6 31.
cxb5 axb5 32. h6 Bh8 33. g4 Kh7 34. f3 c4 35. Kg2 Qf7 36. Qd4 Qd7 37. Kg3 Ng6 38.
bxc4 f5 39. Qd3 f4+ 40. Kh2 bxc4 0-1

[Event "*** Titled Tuesday Blitz"]
[Site "Chess.com"]
[Date "2018.01.02"]
[Round "2"]
[White "pandamaster3000"]
[Black "StellarChessPro"]
[Result "1-0"]
[WhiteElo "2285"]
[BlackElo "2392"]
[TimeControl "180+2"]
[EndTime "13:22:47 PST"]
[Termination "pandamaster3000 won by resignation"]

1. e4 c6 2. d4 d5 3. exd5 cxd5 4. Bd3 Nf6 5. c3 e6 6. Bf4 Nc6 7. Nd2 Bd6 8. Bxd6 Qxd6 9. Ngf3 O-O 10. O-O e5 11.
dxe5 Nxe5 12. Nxe5 Qxe5 13. Re1 Qd6 14. h3 b6 15. Nf3 Bb7 16. Qc2 Rfe8 17. Rad1 h6 18. Nd4 Qf4 19. Qc1 Qxc1 20. Rxc1 a6 21. a4 Kf8 22. Kf1 Ne4 23. Kg1 g6 24. f3 Nc5 25.
Bc2 Rxe1+ 26. Rxe1 Bc8 27. Kf2 Bd7 28. Ra1 Rc8 29.
Ke3 Re8+ 30. Kf2 h5 31. b4 Nb7 32. Rd1 Nd6 33. Ne2 Be6 34. Nf4 Rc8 35. Nxd5 Bxd5 36. Rxd5 Rxc3 37. Rxd6 Rxc2+ 38. Kg3 Ra2 39. Rxb6 Rxa4 40. b5 axb5 41. Rxb5 h4+ 42. Kh2 Kg7 43. Rd5 f6 44. Rd6 g5 45. Rc6 Kg6 46. Rb6 Rd4 47.
Rc6 Kf5 48. Rb6 Rd5 49. Rc6 Re5 50. Ra6 Re6 51. Ra4 Kg6 52. Ra5 Rd6 53. Ra4 Kf7 54.
Ra7+ Ke6 55. Ra8 Ke5 56. Ra4 Rd4 57. Ra5+ Kf4 58. Ra6 f5 59. Ra8 Rb4 60. Rf8 Rb2 61. Rg8 Rf2 62. Rf8 Ra2 63. Rg8 Ra5 64. Rf8 Ra6 65.
Rg8 Rf6 66. Rg7 Rf8 67. Rg6 Rf7 68. Rg8 Rf6 69. Rg7 Rd6 70. Rg8 Rh6 71. Rg7 Rh5 72.
Ra7 Rh6 73. Rg7 Rh5 74. Rg8 Ke5 75. Rg7 Kf6 76. Ra7 Rh7 77. Rxh7 1-0

[Event "*** Titled Tuesday Blitz"]
[Site "Chess.com"]
[Date "2018.01.02"]
[Round "2"]
[White "Usurpov"]
[Black "SquashMaestro"]
[Result "0-1"]
[WhiteElo "2365"]
[BlackElo "2264"]
[TimeControl "180+2"]
[EndTime "13:22:50 PST"]
[Termination "SquashMaestro won by resignation"]

1. e4 c5 2. Nf3 Nc6 3. d4 cxd4 4.
Nxd4 e5 5. Nb5 d6 6. N1c3 a6 7. Na3 b5 8. Nd5 Nce7 9. c4 Nxd5 10. exd5 Be7 11. Be2 Nf6 12. O-O O-O 13. Be3 Bb7 14. Rc1 Rb8 15. cxb5 axb5 16. Nxb5 Bxd5 17. a4 Ba8 18. f3 d5 19. Ba7 Rb7 20. Bc5 Bxc5+ 21. Rxc5 Qb6 22. b4 Nd7 23. a5 Qe6 24. Qxd5 Nxc5 25.
Qxc5 Rc8 26. Qe3 Rd7 27. Rc1 Rdd8 28. Nc7 Qd6 29. Nxa8 Rxa8 30. b5 Rxa5 31. b6 Rb8 32.
b7 Qd8 33. Qb3 g6 34. Bc4 Qd4+ 35. Kh1 Ra1 36. Qc2 Rxb7 37. h4 Rxc1+ 38. Qxc1 Rc7 0-1

[Event "*** Titled Tuesday Blitz"]
[Site "Chess.com"]
[Date "2018.01.02"]
[Round "2"]
[White "danir29"]
[Black "TheFlaminGM"]
[Result "0-1"]
[WhiteElo "2490"]
[BlackElo "2672"]
[TimeControl "180+2"]
[EndTime "13:22:52 PST"]
[Termination "TheFlaminGM won by resignation"]

1. d4 d6 2. Nf3 g6 3. c4 Bg7 4.
Nc3 Nd7 5. g3 Nh6 6. h4 Nf6 7. e4 Nhg4 8. Be2 Qd7 9. Ng5 Nh5 10.
Nd5 Rb8 11. Ne3 Ngf6 12. e5 dxe5 13. dxe5 Qxd1+ 14. Bxd1 Nd7 15. e6 Ne5 16. exf7+ Nxf7 17. Rb1 O-O 18. b3 Bc3+ 19. Ke2 Ne5 20. Bb2 Bxb2 21. Rxb2 Nf6 22. Bc2 Kg7 23. Ne4 b6 24. Rd1 Bb7 25. Ng5 Bc8 26. Bb1 c5 27. Rbd2 h6 28. Ne4 Bb7 29.
Nxf6 Bf3+ 30. Ke1 Bxd1 31. Nd7 Nf3+ 32. Kxd1 Nxd2 33. Nxf8 Nxb1 34. Ne6+ Kf7 35. Nf4 Nc3+ 36. Kc2 Nxa2 37. g4 Nb4+ 38. Kc3 e6 39. h5 g5 40. Ng6 Rd8 41. Ne5+ Kf6 42. Nf3 Rd3+ 43. Kb2 Rd7 44. Kc3 Nd3 45. Nd2 Nxf2 46. Kc2 Ke5 47. Ndf1 Kf4 48. Ng2+ Kxg4 49. Nd2 Kxh5 50. Nf3 Ng4 51.
Nge1 Kg6 52. Nd3 Kf5 53. b4 cxb4 54. Nxb4 h5 55. Nc6 h4 56. Ncd4+ Kf6 0-1

[Event "*** Titled Tuesday Blitz"]
[Site "Chess.com"]
[Date "2018.01.02"]
[Round "2"]
[White "GMMelik"]
[Black "plouarzel"]
[Result "0-1"]
[WhiteElo "2372"]
[BlackElo "2351"]
[TimeControl "180+2"]
[EndTime "13:22:57 PST"]
[Termination "plouarzel won on time"]

1. d4 Nf6 2. Bf4 g6 3. Nc3 d5 4.
Qd2 h6 5. O-O-O Bg7 6. f3 b6 7. e4 e6 8. e5 Nfd7 9. Be3 Bb7 10. f4 a6 11. Nf3 c5 12. g4 Nc6 13.
Ne2 Qc7 14. Kb1 O-O-O 15. c3 Kb8 16. Ng3 Rc8 17. Be2 Na5 18. f5 Nc4 19. Bxc4 dxc4 20. Rhf1 cxd4 21. Bxd4 Bxf3 22. Rxf3 Bxe5 23. fxe6 fxe6 24.
Rf7 Bxg3 25. hxg3 Qc6 26. Rxd7 Qe4+ 27. Ka1 Rhd8 28. Bxb6 Rxd7 29. Qxd7 Qb7 30. Qd6+ Ka8 31. Be3 Rc6 32. Qd8+ Rc8 33. Qd2 e5 34. a3 Rb8 35.
Qd5 Re8 0-1

[Event "*** Titled Tuesday Blitz"]
[Site "Chess.com"]
[Date "2018.01.02"]
[Round "2"]
[White "manubibi"]
[Black "LawrenceTrent"]
[Result "0-1"]
[WhiteElo "2439"]
[BlackElo "2389"]
[TimeControl "180+2"]
[EndTime "13:22:58 PST"]
[Termination "LawrenceTrent won by resignation"]

1. e4 e5 2. Nf3 Nc6 3. Bb5 a6 4. Ba4 Nf6 5. O-O Bc5 6. Nxe5 Nxe5 7. d4 Nxe4 8. dxc5 Nxc5 9. Re1 O-O 10. Rxe5 Nxa4 11.
Qg4 d6 12. Qxa4 dxe5 13. Nc3 Bd7 14. Qe4 Bc6 15. Qc4 Qd4 16. Qe2 Rad8 17. Be3 Qb4 18.
Rb1 Rfe8 19. a3 Qe7 20. f3 Qe6 21. Re1 Qg6 22. Qf2 f6 23. h4 h5 24. b4 Rd7 25.
a4 b6 26. a5 bxa5 27. bxa5 Rb8 28. Kh2 Rb2 29. Re2 Bb5 30. Ne4 Rd1 31. Rd2 Rf1 32.
Rd8+ Kh7 33. Qd2 Rbb1 34. Ng3 Rfd1 35. Qxd1 Rxd1 36. Rxd1 Qxc2 37. Rc1 Qb3 38. Bf2 c6 39.
Nxh5 Qa2 40. Bb6 Qe6 41. Kg1 e4 42. Re1 Qf7 43. Ng3 exf3 44. gxf3 Bc4 45. h5 Bd5 46.
Kf2 Qd7 47. Kg2 c5 48. Bxc5 Qc6 49. Bb6 Bxf3+ 50. Kh2 Qc2+ 51. Kh3 Qg2+ 0-1

[Event "*** Titled Tuesday Blitz"]
[Site "Chess.com"]
[Date "2018.01.02"]
[Round "2"]
[White "capatl"]
[Black "ChessicallyInclined"]
[Result "1-0"]
[WhiteElo "2378"]
[BlackElo "2223"]
[TimeControl "180+2"]
[EndTime "13:23:00 PST"]
[Termination "capatl won by resignation"]

1. c4 e5 2. Nc3 Bb4 3. e3 Nf6 4. Nge2 O-O 5. a3 Bxc3 6. Nxc3 c6 7. d4 exd4 8. Qxd4 d5 9. b4 dxc4 10. Qxd8 Rxd8 11. Bxc4 Nbd7 12. O-O Ne5 13. Be2 Bf5 14. f3 Bd3 15. e4 Bxe2 16. Nxe2 Nc4 17. Bg5 Rd3 18.
a4 h6 19. Bxf6 gxf6 20. Nf4 Rd2 21. Nh5 Rad8 22. Nxf6+ Kg7 23. Nh5+ Kf8 24. Nf4 Ne3 25. Rfc1 Nc2 26. Rab1 R8d4 27. Rb2 Ne3 28. Rxd2 Rxd2 29.
b5 cxb5 30. axb5 a5 31. Rc8+ Kg7 32. Rc7 a4 33. Rxb7 a3 34. Ra7 a2 35. b6 Rd1+ 36. Kf2 Nxg2 37. Kxg2 a1=Q 38. Rxa1 Rxa1 39. Nd5 Rb1 40. Kg3 Kg6 41. Kf4 f6 42. h4 h5 43.
Ke3 Rb3+ 44. Kd4 Rxf3 45. Kc4 Rf1 46. b7 Rb1 47. Nb4 Rc1+ 48. Kb5 1-0

[Event "*** Titled Tuesday Blitz"]
[Site "Chess.com"]
[Date "2018.01.02"]
[Round "2"]
[White "grzechu96"]
[Black "DagurR"]
[Result "1-0"]
[WhiteElo "2440"]
[BlackElo "2306"]
[TimeControl "180+2"]
[EndTime "13:23:02 PST"]
[Termination "grzechu96 won by resignation"]

1. e4 e6 2. d4 d5 3. Nc3 Nf6 4. Bg5 dxe4 5. Nxe4 Be7 6. Bxf6 gxf6 7. g3 Nc6 8. Ne2 b6 9. Bg2 Bb7 10. O-O Qd7 11.
N4c3 O-O-O 12. d5 Nb4 13. dxe6 Qxd1 14. Raxd1 fxe6 15. Nd4 e5 16. Nf5 Bc5 17. Na4 Bxg2 18. Kxg2 Nxc2 19. Nxc5 bxc5 20. Ne7+ Kb7 21. Nd5 Rd6 22.
Rc1 Rxd5 23. Rxc2 a5 24. Rfc1 Kb6 25. Kf3 f5 26. Rc3 Ra8 27. b3 a4 28. b4 cxb4 29.
Rxc7 Rb8 30. Rxh7 b3 31. axb3 axb3 32. Rh4 b2 33. Rb1 Rb5 34. Rc4 Ra8 35. Rc2 Ra2 36.
h4 Ka5 37. h5 Ka4 38. h6 Kb3 39. Re2 e4+ 40. Kf4 Rb7 41. Kxf5 Ra5+ 42. Kxe4 Ka2 43. Rexb2+ Rxb2 44. Rxb2+ Kxb2 45. g4 Rg5 46. h7 Rxg4+ 47. Kf5 Rh4 48. Kg6 Kc3 49. f4 Rg4+ 50. Kh5 Rg1 51. h8=Q+ 1-0

[Event "*** Titled Tuesday Blitz"]
[Site "Chess.com"]
[Date "2018.01.02"]
[Round "2"]
[White "arna"]
[Black "guillembaches"]
[Result "0-1"]
[WhiteElo "2110"]
[BlackElo "2215"]
[TimeControl "180+2"]
[EndTime "13:23:02 PST"]
[Termination "guillembaches won on time"]

1. e4 c5 2. Nf3 d6 3. Bb5+ Nd7 4. O-O a6 5. Bd3 Ngf6 6. c3 b5 7. Bc2 Bb7 8. Re1 e6 9. d4 cxd4 10. cxd4 Be7 11. e5 Nd5 12. Nc3 Nxc3 13. bxc3 Rc8 14. exd6 Bxd6 15. Qd3 Qc7 16. d5 e5 17. Bd2 Qc4 18.
Qxc4 Rxc4 19. Bb3 Rc5 20. Be3 Rxc3 21. Bd4 Rc8 22. Nxe5 Nxe5 23. Bxe5 Kd7 24. Bxg7 Rhg8 25. Bd4 Rg4 26. Be3 h5 27. Bd1 Rg7 28. Bf3 h4 29. g3 hxg3 30. hxg3 Rcg8 31. Kg2 f5 32. Bd4 Rg6 33.
Re6 Rxg3+ 34. fxg3 Rxg3+ 35. Kf2 Rxf3+ 36. Kxf3 Bxd5+ 37. Ke3 Kxe6 38. a4 b4 39. a5 b3 40.
Rb1 f4+ 41. Kd3 Kf5 42. Kc3 f3 43. Rd1 Ke4 44. Bb6 Be5+ 45. Kb4 b2 46. Re1+ Kf5 0-1

[Event "*** Titled Tuesday Blitz"]
[Site "Chess.com"]
[Date "2018.01.02"]
[Round "2"]
[White "djogrodek1"]
[Black "Big_Fishy"]
[Result "1-0"]
[WhiteElo "2439"]
[BlackElo "2329"]
[TimeControl "180+2"]
[EndTime "13:23:04 PST"]
[Termination "djogrodek1 won by resignation"]

1. e4 e6 2. d4 d5 3. Nd2 Be7 4. e5 c5 5. c3 Nc6 6. Bd3 Nh6 7. Ndf3 Nf5 8. Ne2 cxd4 9. cxd4 Qb6 10. O-O h6 11. b3 Bd7 12. Bb2 a5 13. Rc1 a4 14.
Nc3 Ncxd4 15. Nxd4 Nxd4 16. Qg4 g5 17. Nxd5 exd5 18.
Qxd4 Qxd4 19. Bxd4 Bc6 20. e6 f6 21. Bg6+ Kf8 22. f4 Kg7 23. Bf7 axb3 24. axb3 Ra3 25. fxg5 hxg5 26. Rf5 Rxb3 27. Rcf1 Rd3 28. Rxg5+ Kf8 29.
Bxf6 Bxf6 30. Rxf6 Ke7 31. Rf1 d4 32. Bg8 Rd2 33. Rf7+ Kd6 34. e7 Be8 35. Rfg7 Rxg8 36. Rxg8 Kxe7 37. Re5+ Kd6 38. Rgxe8 d3 39. h4 b5 40. h5 b4 41. Rb5 Rb2 42. Rd8+ Kc6 43. Rbd5 d2 44. R8d6+ Kc7 45. Rxd2 Rb1+ 46. Kh2 b3 47. R6d3 b2 48. Rb3 Kc6 49. Rbxb2 Rxb2 50. Rxb2 1-0

[Event "*** Titled Tuesday Blitz"]
[Site "Chess.com"]
[Date "2018.01.02"]
[Round "2"]
[White "Grebeniuk-S"]
[Black "Msb2"]
[Result "0-1"]
[WhiteElo "2408"]
[BlackElo "2741"]
[TimeControl "180+2"]
[EndTime "13:23:04 PST"]
[Termination "Msb2 won by resignation"]

1. d4 Nf6 2. Nf3 d5 3. e3 c5 4.
c3 e6 5. Nbd2 b6 6. Bd3 Bb7 7. O-O Be7 8. Ne5 O-O 9. f4 Ne4 10. Nxe4 dxe4 11. Bc4 Nd7 12. Qh5 Nf6 13. Qh3 Bd5 14. Be2 cxd4 15. exd4 Ne8 16. f5 exf5 17. Qxf5 Nd6 18. Qh5 f5 19. g4 Qc8 20.
Bg5 Bxg5 21. Qxg5 Be6 22. Qe7 Nf7 23. gxf5 Bd5 24. Bh5 Nh6 25. f6 gxf6 26. Rxf6 Rxf6 27. Qxf6 Qf8 28. Rf1 Qxf6 29. Rxf6 Kg7 30. Rd6 Bxa2 31. Rd7+ Kf6 32. Rxh7 Nf5 33. Kf2 a5 34. Nd7+ Kg5 35. Nxb6 Rb8 36. Na4 e3+ 37. Ke2 Bc4+ 38. Ke1 Bg8 39.
Rh8 Kf6 40. Bg4 Ne7 41. Rh6+ Kg5 42. h3 Kxh6 43. Ke2 Bb3 44. Nc5 Bc4+ 45. Kxe3 Rxb2 46.
Ne4 a4 47. Nd6 Bg8 0-1

[Event "*** Titled Tuesday Blitz"]
[Site "Chess.com"]
[Date "2018.01.02"]
[Round "2"]
[White "Summer-Paradise"]
[Black "AkshatChandra"]
[Result "0-1"]
[WhiteElo "2530"]
[BlackElo "2676"]
[TimeControl "180+2"]
[EndTime "13:23:11 PST"]
[Termination "AkshatChandra won by resignation"]

1. d4 Nf6 2. c4 e6 3. Nf3 d5 4. Nc3 Bb4 5. Qa4+ Nc6 6. Bg5 h6 7. Bxf6 Qxf6 8. cxd5 exd5 9. e3 O-O 10. Be2 Be6 11. O-O a6 12. Rfc1 Bd6 13. Qd1 Rad8 14.
Na4 Ne7 15. Nc5 Bc8 16. b4 g5 17. Rc3 Ng6 18. Rac1 g4 19. Ne1 h5 20. g3 Qg5 21.
Ng2 h4 22. Nd3 hxg3 23. fxg3 Kg7 24. Ngf4 Rh8 25. Bf1 Rde8 26. Qd2 Rh6 27. a3 Nxf4 28. Nxf4 Reh8 29. R1c2 Qd8 30. Qg2 c6 31. Rb3 Bf5 32. Bd3 Bxd3 33. Rxd3 Bxf4 34. exf4 Re6 35. Re2 Rhe8 36.
Rdd2 Re4 37. Kf1 Qf6 38. h3 Qe6 39. Rxe4 dxe4 40. h4 e3 41. Rc2 Qb3 42. Qe2 Qb1+ 43. Kg2 Qxc2 44. Qxc2 e2 45. Qf5 e1=Q 46. Qxg4+ Kf8 47.
Qd7 Qe2+ 48. Kh3 Qe6+ 0-1

[Event "*** Titled Tuesday Blitz"]
[Site "Chess.com"]
[Date "2018.01.02"]
[Round "2"]
[White "Kaphrep"]
[Black "Squirlolz"]
[Result "1-0"]
[WhiteElo "2649"]
[BlackElo "2468"]
[TimeControl "180+2"]
[EndTime "13:23:11 PST"]
[Termination "Kaphrep won on time"]

1. e4 e6 2. d4 d5 3. Nd2 c5 4. Ngf3 cxd4 5. Nxd4 Nc6 6. Bb5 Bd7 7. Bxc6 bxc6 8. O-O e5 9. N4f3 Bd6 10. exd5 cxd5 11. Nc4 dxc4 12. Qxd6 f6 13. Re1 Ne7 14. Nxe5 fxe5 15.
Rxe5 Ba4 16. Qxd8+ Rxd8 17. Bg5 Rd7 18. Rae1 O-O 19.
Rxe7 Rxe7 20. Rxe7 Rf7 21. Rxf7 Kxf7 22. b3 cxb3 23. axb3 Bd7 24. Kf1 Bf5 25. c3 Bc2 26. b4 Bd3+ 27. Ke1 Ke6 28. Kd2 Bc4 29. Be3 a6 30. Bd4 g6 31. Ke3 h5 32. Kf4 Bd3 33.
f3 Bf1 34. g4 hxg4 35. fxg4 Be2 36. Kg5 Kf7 37. h4 Bd3 38. Be3 Be2 39. h5 gxh5 40. gxh5 Bd3 41. h6 Ke6 42. c4 Kf7 43. Bd4 Ke6 44. b5 axb5 45. cxb5 Kd5 46. b6 Kc6 47. Kf6 Kb7 48. Kg7 Kc6 49. Bf2 Kb7 50. h7 1-0

[Event "*** Titled Tuesday Blitz"]
[Site "Chess.com"]
[Date "2018.01.02"]
[Round "2"]
[White "Aleksey_Sorokin"]
[Black "tango_argentino"]
[Result "1-0"]
[WhiteElo "2778"]
[BlackElo "2517"]
[TimeControl "180+2"]
[EndTime "13:23:18 PST"]
[Termination "Aleksey_Sorokin won by resignation"]

1. d4 Nf6 2. c4 g6 3. Nc3 Bg7 4. e4 d6 5. Nf3 O-O 6. h3 e5 7. d5 Nh5 8. g3 Nd7 9. Nh2 a5 10. Be2 Nhf6 11. Ng4 Nc5 12. Nxf6+ Bxf6 13. h4 Bg7 14. h5 f5 15. hxg6 hxg6 16. Be3 b6 17.
Qd2 Qf6 18. O-O-O f4 19. Bxc5 bxc5 20. Rdg1 a4 21. g4 f3 22. g5 Qf4 23. Bd1 a3 24. b3 Bd7 25. Rg3 Rf7 26. Rxf3 Qxf3 27. Bxf3 Rxf3 28.
Rh2 Raf8 29. Nb1 R8f4 30. Qe1 Rg4 31. Nxa3 Rxg5 32. Nb1 Rh5 33. Rg2 Kf7 34. Kb2 g5 35. Nd2 Rf4 36. a4 g4 37. a5 Rh8 38. Nf1 Ra8 39. Ng3 Bf6 40. Rg1 Bg5 41. Rh1 Kg6 42. Rh2 Rf3 43. Kc2 Bf4 44. Rg2 Bxg3 45. Rxg3 Rf4 46.
Re3 Kg5 47. Kb2 Be8 48. Qd2 Bg6 49. f3 g3 50. Qg2 Kh4 51. Re1 Rxa5 52. Rh1+ Kg5 53.
Qxg3+ Kf6 54. Rh6 1-0

[Event "*** Titled Tuesday Blitz"]
[Site "Chess.com"]
[Date "2018.01.02"]
[Round "2"]
[White "Opening_Prep"]
[Black "Mikhail_Golubev"]
[Result "1-0"]
[WhiteElo "2262"]
[BlackElo "1908"]
[TimeControl "180+2"]
[EndTime "13:23:20 PST"]
[Termination "Opening_Prep won on time"]

1. d4 Nf6 2. Bf4 d6 3. e3 Nbd7 4. Nf3 e6 5. h3 Be7 6. Be2 O-O 7. O-O b6 8. c4 Bb7 9. Bh2 Ne4 10. Nfd2 f5 11.
Nxe4 fxe4 12. Bg4 Rf6 13. Nc3 Rg6 14. Qc2 d5 15. Nb5 c6 16. Nc7 Nf8 17. Nxa8 Bxa8 18. f3 c5 19. fxe4 dxc4 20. Rad1 cxd4 21. exd4 b5 22.
d5 exd5 23. exd5 Bxd5 24. Rf5 Qb6+ 25. Kh1 Be6 26. Bg1 Qa6 27. Rf4 Bxg4 28. Rxg4 Rxg4 29.
hxg4 Qh6+ 30. Bh2 a6 31. Qf5 Qf6 32. Be5 Qh6+ 33. Bh2 Qf6 34. Be5 Qh6+ 35. Qh5 Qe3 36. Rf1 Ng6 37. Bh2 Qe6 38. Qf5 Qxf5 39. gxf5 Nf8 40.
Be5 Nd7 41. Bd4 Nc5 42. Bxc5 Bxc5 43. Rd1 Kf7 44. Rd5 Be3 45. Rd6 Bc1 46. b3 c3 47.
Rxa6 Bd2 48. Rc6 1-0

[Event "*** Titled Tuesday Blitz"]
[Site "Chess.com"]
[Date "2018.01.02"]
[Round "2"]
[White "GremioPrudente"]
[Black "julinha97"]
[Result "0-1"]
[WhiteElo "2045"]
[BlackElo "2212"]
[TimeControl "180+2"]
[EndTime "13:23:22 PST"]
[Termination "julinha97 won on time"]

1. Nf3 Nf6 2. c4 g6 3. b3 Bg7 4. Bb2 O-O 5. e3 d6 6. d4 Nbd7 7. Be2 Re8 8. O-O c6 9. Qc2 e5 10. dxe5 dxe5 11. Nc3 Qc7 12. Rad1 Nc5 13. Qb1 Bf5 14.
Qa1 a5 15. Nh4 Rad8 16. Nxf5 gxf5 17. Rxd8 Rxd8 18. Rd1 Rxd1+ 19. Qxd1 e4 20. Qd2 Ne6 21. Na4 f4 22. Bxf6 Bxf6 23. exf4 Nxf4 24. Bf1 Ne6 25. Qe3 Qe5 26. Qg3+ Qxg3 27. hxg3 Nd4 28. Nc3 e3 29.
fxe3 Nf5 30. Ne4 Bb2 31. Kf2 Bc1 32. Bd3 Bxe3+ 33. Kf3 Bc1 34. Nc3 Nd4+ 35. Kf2 Ne6 36. Ne2 Ba3 37. Nf4 Bc5+ 38. Ke1 Ng5 39. Kd2 Kf8 40.
Ke2 Ke7 41. Bc2 Kd6 42. Nd3 Ba7 43. Bb1 Ke7 44. Bc2 Bb8 45. Kf2 Ne4+ 46. Kf3 Nxg3 47. Nc5 b6 48. Ne4 Nf5 49. Ng5 Nd4+ 50. Kf2 Nxc2 51.
Nxh7 Bf4 52. g3 Bh6 0-1

[Event "*** Titled Tuesday Blitz"]
[Site "Chess.com"]
[Date "2018.01.02"]
[Round "2"]
[White "NTBT_DHS"]
[Black "VerdeNotte"]
[Result "0-1"]
[WhiteElo "2530"]
[BlackElo "2675"]
[TimeControl "180+2"]
[EndTime "13:23:28 PST"]
[Termination "VerdeNotte won by resignation"]

1. c4 g6 2. Nc3 Bg7 3. e3 c5 4.
Nf3 Nf6 5. d4 cxd4 6. exd4 d5 7.
Qa4+ Nc6 8. Ne5 O-O 9. Nxc6 bxc6 10. c5 e5 11. dxe5 Re8 12. f4 d4 13. Ne2 d3 14.
Nd4 Ne4 15. Be3 Qh4+ 16. g3 Nxg3 17. hxg3 Qxh1 18. Qxc6 Qxc6 19. Nxc6 Bf5 20. Bg2 f6 21. Kd2 fxe5 22. Bd5+ Be6 23. Ne7+ Kf7 24. Bxa8 Rxa8 25. Nc6 e4 26. Bd4 Rc8 27. Bxg7 Rxc6 28. Bd4 a5 29.
b3 h5 30. Ke3 Bf5 31. Rc1 Ke6 32. a3 Kd5 33. b4 axb4 34. axb4 Ra6 35. Bc3 Ra2 36. Bd2 Kc6 37. Rc4 Kb5 38. Rd4 Ra1 39. Rd6 Rg1 40. Kd4 Rg2 41. Rb6+ Ka4 42. Kc4 Bc8 43.
Bc3 d2 44. Rd6 e3 45. b5 Ka3 46. Rd8 Be6+ 47. Rd5 Bxd5+ 48. Kxd5 d1=Q+ 49. Kc6 Qf3+ 50. Kc7 Rc2 51. Bd4 e2 52. b6 e1=Q 53. b7 Qe7+ 54. Kb6 Qfxb7+ 0-1

[Event "*** Titled Tuesday Blitz"]
[Site "Chess.com"]
[Date "2018.01.02"]
[Round "2"]
[White "gmmoranda"]
[Black "RaphaeI"]
[Result "1-0"]
[WhiteElo "2726"]
[BlackElo "2500"]
[TimeControl "180+2"]
[EndTime "13:23:31 PST"]
[Termination "gmmoranda won on time"]

1. d4 Nf6 2. c4 e6 3. Nf3 d5 4.
Nc3 Bb4 5. Qb3 c5 6. dxc5 Nc6 7. a3 Bxc5 8. cxd5 Nxd5 9. Nxd5 Qxd5 10. Qxd5 exd5 11.
b4 Bb6 12. Bb2 O-O 13. e3 Bg4 14. Be2 Rfd8 15. O-O-O Rac8 16. Kb1 Bf5+ 17. Bd3 Be4 18. Bxe4 dxe4 19. Ng5 Re8 20. Rd7 Rc7 21. Rhd1 Rxd7 22. Rxd7 f6 23. Nh3 Re7 24. Rd5 Bc7 25. Nf4 a6 26. Ne2 Kf7 27. h3 Be5 28. Nc3 Ke6 29. Rc5 Bxc3 30. Bxc3 Rd7 31. Kc2 Rd5 32. Rc4 f5 33.
Bxg7 Rd3 34. Bc3 Kd6 35. Rc5 Rd5 36. Rxd5+ Kxd5 37. Kb3 h5 38. Bf6 b5 39. Kc3 Nb8 40. f3 Nd7 41. Bd4 Nf8 42. Bc5 Ne6 43. Be7 f4 44. Kd2 exf3 45. gxf3 fxe3+ 46. Kxe3 Nd4 47. Kf4 Nc2 48. Kg5 Nxa3 49. f4 Ke6 50. Bc5 Nc4 51.
Kg6 Kd7 52. Kxh5 Ke8 53. Kg6 1-0

[Event "*** Titled Tuesday Blitz"]
[Site "Chess.com"]
[Date "2018.01.02"]
[Round "2"]
[White "SabinaFoisor"]
[Black "windking123"]
[Result "0-1"]
[WhiteElo "2300"]
[BlackElo "2416"]
[TimeControl "180+2"]
[EndTime "13:23:32 PST"]
[Termination "windking123 won on time"]

1. d4 a6 2. e4 e6 3. Nf3 d5 4. exd5 exd5 5. Bd3 Nf6 6. O-O Be7 7. c4 O-O 8. Nc3 dxc4 9. Bxc4 b5 10. Bd3 Bb7 11. a3 c5 12. dxc5 Bxc5 13. Bg5 h6 14. Bh4 Nbd7 15. Bf5 Nb6 16. Qxd8 Raxd8 17. Bxf6 gxf6 18. Be4 Bc8 19. Rad1 f5 20. Bb1 Nc4 21. b4 Be7 22. Nd5 Bd6 23. g3 Nxa3 24. Nh4 Nxb1 25. Rxb1 Be6 26. Rfd1 Be5 27. Ne7+ Kg7 28. Nexf5+ Kf6 29. Ne3 Bc3 30. Rdc1 Ba2 31. Rxc3 Bxb1 32. Rc6+ Ke5 33. Nf3+ Ke4 34. Kg2 Kd3 35. Rxa6 Kc3 36. Rxh6 Be4 37. Rh4 f5 38. Rf4 Rd4 39. Kf1 Rxb4 40. Ne1 Rb1 41. Ke2 Ra8 42. Nd1+ Kb3 43. Nf3 Kc2 44.
Ne3+ Kc3 45. Nd1+ Kc2 46. Ne3+ Kc1 47. Nxf5 Ra2+ 48. Ke3 Bxf5 49. Rxf5 Rb3+ 50. Kf4 Rxf2 51.
Kg4 b4 52. h4 Rbxf3 53. h5 Rxf5 54. h6 Rf8 0-1